 Dungeon Crawl Stone Soup version 0.29-a0-322-g68df515428 (webtiles) character file.

Game seed: 14374201975075944170

49 GigaChad the Skirmisher (level 3, -5/33 HPs)
             Began as a Draconian Chaos Knight on Apr 7, 2022.
             Was a Plaything of Xom.
             Splashed by a jelly's acid (8 damage)
             ... on level 2 of the Dungeon.
             The game lasted 00:03:09 (1240 turns).

GigaChad the Skirmisher (Draconian Chaos Knight)    Turns: 1240, Time: 00:03:11

Health: -5/33      AC: -7    Str: 21    XL:     3   Next: 51%
Magic:  3/3        EV: 16    Int: 12    God:    Xom [......]
Gold:   34         SH:  0    Dex: 12    Spells: 2/2 levels left

rFire   . . .      SeeInvis .   a - +0 falchion (chaos)
rCold   . . .      Faith    .   (no shield)
rNeg    . . .      Spirit   .   (body armour unavailable)
rPois   .          Reflect  .   (helmet restricted)
rElec   .          Harm     .   (no cloak)
rCorr   .          Rampage  .   (no gloves)
Will    .....                   (no boots)
Stlth   ..........              (no amulet)
HPRegen 0.11/turn               g - ring of Xaoq {EV+4 Str+7 Stlth-}
MPRegen 0.08/turn               (no ring)

@: corroded
A: AC +5, unfitting armour, cold-blooded
a: Renounce Religion


You were on level 2 of the Dungeon.
You worshipped Xom.
You were a very special plaything of Xom.
You visited 1 branch of the dungeon, and saw 2 of its levels.

You collected 34 gold pieces.

Inventory:

Hand Weapons
 a - a +0 falchion of chaos (weapon)
 d - a +0 falchion of holy wrath
 h - a +0 halberd
Jewellery
 g - the ring of Xaoq (left hand) {EV+4 Str+7 Stlth-}
   (You found it on level 2 of the Dungeon)

   [ring of evasion]

   EV:        It affects your evasion (+4).
   Str:       It affects your strength (+7).
   Stlth:     It makes you less stealthy.
Scrolls
 e - a scroll of teleportation
Potions
 c - a potion of cancellation {unknown}
 f - a potion of heal wounds {unknown}
Miscellaneous
 b - a piece from Xom's chessboard (15/15) (quivered)


   Skills:
 + Level 4.0 Fighting
 + Level 3.7 Long Blades
 + Level 2.5 Dodging
 + Level 0.1 Stealth


You had 2 spell levels left.
You didn't know any spells.
Your spell library contained the following spells:

 Spells                   Type           Power      Damage    Failure   Level
 Dazzling Flash           Conj/Hex       0%         N/A       69%         3
 Agony                    Necr           0%         N/A       100%        5
 Silence                  Hex/Air        0%         N/A       100%        5


Dungeon Overview and Level Annotations

Branches:
Dungeon (2/15)

Altars:


Innate Abilities, Weirdness & Mutations

Your plain brown scales are hard. (AC +5)
You cannot fit into any form of body armour.
You are cold-blooded and may be slowed by cold attacks.


Message History

You closely miss the frilled lizard. The frilled lizard barely misses you.
You miss the frilled lizard. The frilled lizard bites you.
You miss the frilled lizard. The frilled lizard misses you.
You miss the frilled lizard. The frilled lizard barely misses you.
You closely miss the frilled lizard.
The frilled lizard bites you but does no damage.
You closely miss the frilled lizard. The frilled lizard closely misses you.
You hit the frilled lizard.
The frilled lizard seems to slow down.
You freeze the frilled lizard.
You kill the frilled lizard!
Found a red potion.
HP restored.
A jelly comes into view.
Found a scroll labelled KUPOL DOUG FAF and 8 gold pieces.
You see here a red potion.
You see here a scroll labelled KUPOL DOUG FAF.
You see here a scroll labelled KUPOL DOUG FAF. "Get over here!"
The jelly blinks!
The jelly hits you.
You are splashed with acid.
You hit the jelly. You burn the jelly. The acid corrodes you!
Your hands burn!
You punch the jelly.
The jelly is heavily wounded.
The jelly barely misses you.
You hit the jelly. You freeze the jelly. The acid corrodes you!
Your hands burn!
The jelly is severely wounded.
The jelly misses you.
You hit the jelly but do no damage.
Your hands burn!
The jelly is severely wounded.
The jelly hits you. The acid corrodes you!
You are splashed with acid.
* * * LOW HITPOINT WARNING * * *
You hit the jelly but do no damage. You drain the jelly.
Your hands burn!
* * * LOW HITPOINT WARNING * * *
The jelly is almost dead.
The jelly hits you.
* * * LOW HITPOINT WARNING * * *
You are splashed with acid!
You die...
Xom titters!

..## ...#
#..# #..#
#..# #..# ##
#..##.# #
#..#.# $###.
#@?.#
......#J.##
## #...## #.#
#.##.## #.#
#...###.###.#
#.#.# ##.#..#
...#.. ##.#.#
#.# #.# #.#.#
.. .. #.#.#


You could see a jelly (very drained).

Vanquished Creatures
  A gnoll (D:1)
  An adder (D:2)
  A worm (D:2)
  2 dart slugs (D:1)
  4 ball pythons (D:1)
  3 bats
  3 endoplasms
  A giant cockroach (D:1)
  2 goblins (D:1)
  A hobgoblin (D:1)
  A frilled lizard (D:2)
  3 rats
23 creatures vanquished.

Notes
Turn   | Place    | Note
-------+----------+-------------------------------------------
     0 | D:1      | GigaChad the Draconian Chaos Knight began the quest for the
                  | Orb.
     0 | D:1      | Reached XP level 1. HP: 19/19 MP: 1/1
    19 | D:1      | XOM: potion effect (brilliance)
    69 | D:1      | XOM: silly message
    91 | D:1      | Reached XP level 2. HP: 10/26 MP: 2/2
   438 | D:1      | XOM: 3-stop teleportation journey
   450 | D:1      | Reached XP level 3. HP: 16/33 MP: 3/3
  1113 | D:2      | Reached skill level 4 in Fighting
  1193 | D:2      | Identified the ring of Xaoq {EV+4 Str+7 Stlth-}
  1196 | D:2      | XOM: god gift: halberd {god gift}
  1235 | D:2      | XOM: blink monster(s)
  1240 | D:2      | Splashed by a jelly's acid

Illustrated notes

Levels and vault maps discovered:
D:1:      tarquinn_simple_flora_water_f, layout_loops_ring, glass_columns_b,
          minmay_misc_feat_diagonals, minmay_misc_feat_five
D:2:      layout_loops_ring, shapermc_ecumenical_altar_petra,
          minmay_misc_feat_columns, nicolae_concentric_dashed_squares_wild,
          uniq_natasha, uniq_sigmund

Skill      XL: |  1  2  3 |
---------------+----------+-----
Fighting       | 4 |  4.0
Long Blades    | |  3.7
Dodging        | |  2.5
Stealth        | |  0.1

Action                   || total
-------------------------++-------
Melee: Falchion          ||    64
       Tailslap          ||     6
       Punch             ||     1
  Use: Scroll            ||     3
 Stab: Distracted        ||     1
Armor: Skin              ||    42
Dodge: Dodged            ||    66

Table legend: (Time is in decaauts)
 A = Elapsed time spent in this place.
 B = Non-inter-level travel time spent in this place.
 C = Inter-level travel time spent in this place.
 D = Time resting spent in this place.
 E = Time spent auto-exploring this place.
 F = Levels seen in this place.
 G = Mean time per level.
                   A        B        C        D        E       F      G
               +--------+--------+--------+--------+--------+-----+--------+
         Total |   1249 |   1205 |     44 |    463 |    278 |   2 |  624.5 |
       Dungeon |   1249 |   1205 |     44 |    463 |    278 |   2 |  624.5 |
               +--------+--------+--------+--------+--------+-----+--------+

Top non-repeatable levels by time:
     D:1: 801 daAuts
     D:2: 448 daAuts
